 Dungeon Crawl Stone Soup version 0.27-a0-1590-g15f69828bf (webtiles) character file.

Game seed: 12035545941091177033

126 Aviak the Magician (level 5, -1/39 HPs)
             Began as a Djinni Conjurer on July 18, 2021.
             Slain by a ball python (3 damage)
             ... in a sewer.
             The game lasted 00:03:45 (2629 turns).

Aviak the Magician (Djinni Conjurer)                Turns: 2629, Time: 00:03:46

Health: -1/39      AC:  2    Str:  6    XL:     5   Next: 31%
Gold:   116        EV:  9    Int: 21    God:
                   SH:  0    Dex: 11

rFire    + + .     SeeInvis .   (no weapon)
rCold    x . .     Faith    .   (no shield)
rNeg     . . .     Spirit   .   a - +0 robe
rPois    ∞         Reflect  .   (no helmet)
rElec    .         Harm     .   (no cloak)
rCorr    .         Rampage  .   (no gloves)
Will     .....                  (boots unavailable)
Stlth    ++........             (no amulet)
HPRegen  0.13/turn              (no ring)
MPRegen  0.00/turn              (no ring)

@: flying, hasted, constricted, very quick
A: sickness immunity, fire resistance 2, cold vulnerability 1, float, innate
caster, hp casting, extra vitality 1
a: no special abilities


You were in a sewer.
You visited 1 branch of the dungeon, and saw 3 of its levels.
You also visited: Sewer.

You collected 116 gold pieces.

Inventory:

Armour
 a - a +0 robe (worn)
 m - a scarf of harm
Wands
 l - a wand of paralysis (11)
Scrolls
 b - 2 scrolls of immolation {unknown}
 d - a scroll of torment {unknown}
 e - a scroll of noise {unknown}
 f - 2 scrolls of enchant armour {unknown}
 g - 3 scrolls of identify {unknown}
 i - a scroll of fear {unknown}
 j - a scroll of blinking {unknown}
Potions
 h - a potion of curing {unknown}
 k - a potion of brilliance {unknown}
 n - a potion of mutation {unknown}
 o - a potion of resistance {unknown}


   Skills:
 + Level 2.4 Fighting
 + Level 3.6 Dodging
 - Level 1.5 Stealth
 + Level 3.8 Spellcasting


You couldn't memorise any spells.
You knew the following spells:

 Your Spells              Type           Power      Damage    Failure   Level
a - Magic Dart            Conj           80%        1d7       2%          1
b - Searing Ray           Conj           40%        3d4       3%          2
c - Dazzling Flash        Conj/Hex       40%        N/A       8%          3
d - Fulminant Prism       Conj/Hex       10%        3d9       24%         4
e - Iskenderun's Mystic   Conj/Tloc      20%        2d6       24%         4
f - Apportation           Tloc           40%        N/A       2%          1
g - Slow                  Hex            20%        N/A       3%          2
Your spell library was empty.

Dungeon Overview and Level Annotations

Branches:
Dungeon (3/15)              Sewer (1/1)

Altars:
Dithmenos


Innate Abilities, Weirdness & Mutations

You are immune to sickness and miasma.
You are immune to poison.
Your flesh is very heat resistant. (rF++)
You are vulnerable to cold. (rC-)
You float through the air rather than walking.
You learn spells naturally, not from books.
Your magical power is your life essence.
You have superior vitality. (+4 HP)


Message History

An adder comes into view.
The ball python hisses angrily.
The adder hisses angrily.
A ball python comes into view.
The adder barely misses you.
Casting: Magic Dart (safe; 2% risk of failure)
Confirm with . or Enter, or press ? or * to list all spells.
Aiming: Searing Ray (safe; 3% risk of failure)
Press: ? - help, Shift-Dir - straight line, f - ball python
Aim: a ball python (wandering, hasn't noticed you, 75% to hit)
The searing ray misses the adder.
The searing ray hits the ball python!
You kill the ball python! (Press . to maintain the ray.)
The adder hisses angrily.
The adder bites you.
The searing ray misses the adder.
The adder bites you. The ball python barely misses you.
The ball python grabs you. The ball python constricts you.
Your magical contamination has completely faded away.
The searing ray misses the adder.
The adder closely misses you. The ball python completely misses you.
The ball python constricts you. The adder barely misses you.
The searing ray hits the adder!
The adder is almost dead.
You finish channeling your searing ray.
The adder barely misses you. The ball python closely misses you.
The ball python constricts you. The adder bites you.
You escape the ball python's grasp.
The adder bites you.
* * * LOW HITPOINT WARNING * * *
Unknown command.
The adder bites you.
* * * LOW HITPOINT WARNING * * *
Unknown command.
Unknown command.
It was a potion of haste.
You feel yourself speed up. The ball python misses you.
The ball python grabs you.
* * * LOW HITPOINT WARNING * * *
The ball python constricts you. The adder bites you.
* * * LOW HITPOINT WARNING * * *
The adder barely misses you. The ball python bites you.
You die...

#≈≈≈#≈≈#
#≈≈≈≈≈.#
#≈.≈≈≈≈#
#≈≈≈≈≈≈#
#≈≈≈≈≈≈#
#≈≈≈≈≈≈#
#≈≈≈≈≈≈#
#≈≈≈#≈≈#
#≈≈≈≈≈≈#
#≈≈≈≈≈≈#
#≈≈≈≈≈≈#
#≈≈†≈≈≈#
#≈≈≈≈≈≈#
#≈≈†≈≈≈#
#≈≈≈≈≈≈#
#≈≈S≈≈≈#
#≈≈≈≈≈≈#
#≈@S≈≈≈#
##..≈.##
#†≈S.≈##
#......#
#......##
#..∩∩..#
##......#
#......#
#.......#
##....##
##..........
######
##.....†...
######...#
####


You could see 2 adders and a ball python.

Vanquished Creatures
  3 adders
  3 river rats (Sewer)
  2 worms
  2 dart slugs (D:1)
  8 ball pythons
  4 endoplasms
  A giant cockroach (D:1)
  4 goblins
  6 hobgoblins
  5 jackals (D:2)
  2 quokkas
  3 bats
  3 frilled lizards
  2 kobolds (D:2)
  17 rats
65 creatures vanquished.

Notes
Turn   | Place    | Note
-------+----------+-------------------------------------------
     0 | D:1      | Aviak the Djinni Conjurer began the quest for the Orb.
     0 | D:1      | Reached XP level 1. HP: 15/15 MP: 0/0
   318 | D:1      | Reached XP level 2. HP: 18/22 MP: 0/0
   644 | D:1      | Reached skill level 1 in Fighting
   911 | D:1      | Reached XP level 3. HP: 25/27 MP: 0/0
   911 | D:1      | Learned a level 1 spell: Apportation
  1327 | D:2      | Reached XP level 4. HP: 23/32 MP: 0/0
  1600 | D:2      | Found a shadowy altar of Dithmenos.
  1929 | D:2      | Found a faded altar of an unknown god.
  2303 | D:3      | Found a glowing drain.
  2319 | Sewer    | Entered a sewer
  2394 | Sewer    | Reached XP level 5. HP: 25/38 MP: 0/0
  2394 | Sewer    | Learned a level 2 spell: Slow
  2629 | Sewer    | Slain by a ball python

Illustrated notes

Levels and vault maps discovered:
D:1:      wander_arrival_lonely_grave, layout_basic, minivault_11
D:2:      layout_rooms, hellmonk_ecumenical_altar_lost_god, basic_altar
D:3:      cheibrodos_thug_alley, layout_basic, cheibrodos_sewer_entry_drain,
          serial_shops, nicolae_shop_statue_plus
Sewer:    sewer_minmay_w

Skill      XL: |  1  2  3  4 |
---------------+-------------+-----
Fighting       | 1 2 |  2.4
Dodging        | 3 |  3.6
Stealth        | |  1.5
Spellcasting   | |  3.8

Action                   |  1- 3 |  4- 6 || total
-------------------------+-------+-------++-------
Melee: Unarmed           |       |     1 ||     1
 Cast: Magic Dart        |    42 |    35 ||    77
       Searing Ray       |     3 |    12 ||    15
  Use: Potion            |       |     1 ||     1
Armor: Robe              |     3 |     1 ||     4
Dodge: Dodged            |     3 |    11 ||    14

Table legend: (Time is in decaauts)
 A = Elapsed time spent in this place.
 B = Non-inter-level travel time spent in this place.
 C = Inter-level travel time spent in this place.
 D = Time resting spent in this place.
 E = Time spent auto-exploring this place.
 F = Levels seen in this place.
 G = Mean time per level.
                   A        B        C        D        E       F      G
               +--------+--------+--------+--------+--------+-----+--------+
         Total |   2629 |   2567 |     62 |    399 |   1873 |   4 |  657.2 |
       Dungeon |   2319 |   2257 |     62 |    238 |   1793 |   3 |  773.0 |
         Sewer |    309 |    309 |      0 |    161 |     80 |   1 |  309.0 |
               +--------+--------+--------+--------+--------+-----+--------+

Top non-repeatable levels by time:
     D:1: 1129 daAuts
     D:2: 1065 daAuts
   Sewer: 309 daAuts
     D:3: 124 daAuts
